 Dungeon Crawl Stone Soup version 0.19.0-2-gae57169 (webtiles) character file.

6356 dobroeutro the Basher (level 10, -16/66 HPs)
             Began as a Gargoyle Fighter on Nov 6, 2016.
             Was a Priest of Lugonu.
             Demolished by Gastronok (24 damage)
             ... on level 9 of the Dungeon.
             The game lasted 00:12:12 (8208 turns).

dobroeutro the Basher (Gargoyle Fighter)            Turns: 8208, Time: 00:12:13

Health: -16/66     AC: 13    Str: 27    XL:     10   Next: 96%
Magic:  10/10      EV: 14    Int:  9    God:    Lugonu [***...]
Gold:   353        SH: 12    Dex: 15    Spells: 0 memorised, 9 levels left

rFire  . . .     SeeInvis +     M - +2 morningstar (curse)
rCold  . . .     Gourm    .     b - +0 scale mail
rNeg   + . .     Faith    .     c - +1 shield
rPois  ∞         Spirit   .     (helmet restricted)
rElec  +         Reflect  .     (no cloak)
rCorr  .         Harm     .     h - +0 pair of gloves
MR     .....     Rnd*Rage +     x - +0 pair of boots
Stlth  +.........               K - amulet of rage
                                u - ring of wizardry
                                e - ring of see invisible

@: mighty, agile, exhausted, starving, slowed, very slow
A: horns 1, see invisible, berserk 1, deformed body, low mp 2, negative energy
resistance 1, electricity resistance, unbreathing, petrification resistance, rot
immunity, MP-powered wands, AC +7
a: Depart the Abyss, Bend Space, Banish, Renounce Religion, Evoke Berserk Rage


You were on level 9 of the Dungeon.
You worshipped Lugonu.
Lugonu was most pleased with you.
You were starving.

You visited 2 branches of the dungeon, and saw 12 of its levels.

You collected 353 gold pieces.

Inventory:

Hand Weapons
 o - a +1 whip of electrocution
 z - a +0 flail of draining
 M - a cursed +2 morningstar (weapon)
Armour
 b - a +0 scale mail (worn)
 c - a +1 shield (worn)
 h - a +0 pair of gloves (worn)
 r - a +0 helmet
 x - a +0 pair of boots (worn)
Jewellery
 e - a ring of see invisible (left hand)
 u - a ring of wizardry (right hand)
 K - an amulet of rage (around neck)
 N - an uncursed ring of ice
Wands
 t - a wand of iceblast (12/15)
 y - a wand of teleportation (6/9)
 E - a wand of teleportation (5/9)
 G - a wand of teleportation (4/9)
 I - a wand of lightning (10/15)
 L - a wand of teleportation (4/9)
Scrolls
 j - 2 scrolls of recharging
 q - a scroll of teleportation
 A - 4 scrolls of remove curse
 J - a scroll of identify
Potions
 d - a potion of might
 g - a potion of resistance
 i - a potion of cancellation
 l - 2 potions of haste
 m - 3 potions of curing
 p - a potion of magic
 s - 2 potions of brilliance
 v - a potion of lignification
 w - 2 potions of invisibility
 C - 2 potions of berserk rage
 F - a potion of flight
Comestibles
 f - 6 bread rations
 k - 9 royal jellies
 B - 2 meat rations
 D - 6 fruits
 H - 3 beef jerkies


   Skills:
 + Level 9.5 Fighting
 * Level 11.6 Maces & Flails
 + Level 5.3 Armour
 + Level 2.6 Dodging
 + Level 5.2 Shields
 + Level 4.0 Invocations
 + Level 2.2 Evocations


You had 9 spell levels left.
You didn't know any spells.

Dungeon Overview and Level Annotations

Branches:
Dungeon (11/15)            Temple (1/1) D:7
   Lair: D:8-11         Orc: D:9-12

Altars:
Ashenzari
Cheibriados
Dithmenos
Elyvilon
Fedhas
Gozag
Hepliaklqana
Kikubaaqudgha
Makhleb
Nemelex Xobeh
Okawaru
Qazlal
Ru
Sif Muna
Trog
Uskayaw
Vehumet
Xom
Yredelemnul
Zin
The Shining One
Lugonu

Shops:
D:9 *

Annotations:
D:9 Gastronok


Innate Abilities, Weirdness & Mutations

You are resistant to torment.
Your stone body is resilient. (AC +7)
You are immune to poison.
You resist negative energy. (rN+)
You are resistant to electric shocks. (rElec)
You can survive without breathing.
You are immune to petrification.
You are immune to rotting.
You have a pair of small horns on your head.
You have supernaturally acute eyesight. (SInv)
You tend to lose your temper in combat.
Armour fits poorly on your strangely shaped body.
Your magical capacity is very low. (-20% MP)
You expend magic power (3 MP) to strengthen your wands.


Message History

You hit Gastronok.
Gastronok is lightly wounded.
Gastronok bites you!!
You puncture Gastronok!
Gastronok is moderately wounded.
Gastronok misses you.
You hit Gastronok.
Gastronok is moderately wounded.
You hit Gastronok.
Gastronok is moderately wounded.
Gastronok waves his eye-stalks in wide circles.
The air twists around and strikes you!
* * * LOW HITPOINT WARNING * * *
You feel much better. You block Gastronok's attack.
You feel better. Gastronok bites you!!
* * * LOW HITPOINT WARNING * * *
You feel agile all of a sudden.
You feel very mighty all of a sudden. Gastronok bites you!!
You die...

#.............#
#...
##########.####
#... ###<...(#
#... #...#####
#... #.### ##.#
#.# #..
###'#######
####
#.........#
#...
#....@w...#
#...
#.........#
#...
#.........#
+...
..'.........'..
#...
###.........###
####
######'#### ..
# ## #### #...


You could see Gastronok.

Vanquished Creatures
  Fannar (D:10)
  A hill giant (D:10)
  2 hornets (D:10)
  A two-headed ogre (D:10)
  4 yaks (D:9)
  2 wyverns (D:8)
  2 soldier ants (D:10)
  The ghost of dvd the Stinger, an amateur OpVM of Hepliaklqana (D:3)
  An orc warrior (D:8)
  A black bear (D:8)
  2 sky beasts
  An ice beast (D:10)
  2 ogres (D:8)
  2 centaurs
  A necrophage (D:7)
  4 bullfrogs (D:8)
  A gnoll sergeant (D:5)
  2 scorpions
  5 wights (D:10)
  5 killer bees (D:9)
  A howler monkey (D:4)
  A centaur zombie (D:11)
  2 crimson imps (D:5)
  A quasit (D:9)
  8 orc wizards
  3 bullfrog zombies
  5 hounds
  4 jellies
  2 orc priests
  A bullfrog skeleton (D:10)
  A centaur skeleton (D:9)
  4 iguanas
  5 worker ants
  Natasha (thrice) (D:3)
  A hound zombie (D:10)
  A hound skeleton (D:4)
  A howler monkey zombie (D:10)
  Robin (D:3)
  8 gnolls
  13 adders
  5 shadow imps
  2 oozes (D:2)
  2 worms (D:2)
  A dart slug (D:1)
  6 leopard geckos
  30 orcs
  5 bats
  7 giant cockroaches
  16 goblins
  8 hobgoblins
  9 jackals
  7 kobolds
  6 quokkas
  4 frilled lizards
  10 rats
225 creatures vanquished.

Vanquished Creatures (others)
  A sky beast (D:5)
  A goblin (D:3)
2 creatures vanquished.

Grand Total: 227 creatures vanquished

Notes
Turn   | Place    | Note
-------+----------+-------------------------------------------
     0 | D:1      | dobroeutro the Gargoyle Fighter began the quest for the Orb.
     0 | D:1      | Reached XP level 1. HP: 14/14 MP: 1/1
    81 | D:1      | Reached XP level 2. HP: 14/19 MP: 2/2
   652 | D:2      | Reached XP level 3. HP: 24/24 MP: 3/3
   699 | D:2      | Found a bloodstained altar of Trog.
   759 | D:2      | Reached skill level 3 in Maces & Flails
   858 | D:2      | Reached XP level 4. HP: 16/29 MP: 4/4
  1373 | D:3      | Noticed Natasha
  1381 | D:3      | Killed Natasha
  1381 | D:3      | Reached skill level 4 in Maces & Flails
  1383 | D:3      | Reached XP level 5. HP: 20/34 MP: 5/5
  1723 | D:3      | Noticed Natasha
  1730 | D:3      | Killed Natasha
  1730 | D:3      | Reached skill level 5 in Fighting
  1730 | D:3      | Reached skill level 5 in Maces & Flails
  1730 | D:3      | Reached XP level 6. HP: 20/40 MP: 6/6
  1746 | D:3      | Noticed Robin
  1763 | D:3      | Killed Robin
  1780 | D:2      | Found an ancient bone altar of Kikubaaqudgha.
  1938 | D:3      | Noticed dvd's ghost (amateur OpVM)
  1941 | D:3      | Found a hide-covered altar of Uskayaw.
  1945 | D:3      | Killed dvd's ghost
  1976 | D:3      | Noticed Natasha
  1990 | D:3      | Killed Natasha
  2131 | D:3      | Reached skill level 6 in Maces & Flails
  2131 | D:3      | Reached XP level 7. HP: 41/44 MP: 7/7
  2468 | D:4      | Found a blossoming altar of Fedhas.
  2768 | D:5      | Entered Level 5 of the Dungeon
  2784 | D:5      | Reached skill level 7 in Maces & Flails
  2816 | D:5      | Reached XP level 8. HP: 34/52 MP: 8/8
  3117 | D:5      | Gained mutation: Armour fits poorly on your strangely shaped body. [mutagenic meat]
  3118 | D:5      | Gained mutation: Your flesh is heat resistant. (rF+) [mutagenic meat]
  3119 | D:5      | Lost mutation: Your flesh is heat resistant. (rF+) [mutagenic meat]
  3120 | D:5      | Gained mutation: You possess an exceptional clarity of mind. [mutagenic meat]
  3121 | D:5      | Gained mutation: You have supernaturally acute eyesight. (SInv) [mutagenic meat]
  3155 | D:5      | Reached skill level 8 in Maces & Flails
  3220 | D:5      | Found a shimmering altar of Xom.
  3400 | D:5      | Found a basalt altar of Yredelemnul.
  3972 | D:6      | HP: 2/53 [hound (5)]
  4271 | D:6      | Found a snail-covered altar of Cheibriados.
  4274 | D:6      | Found a burning altar of Makhleb.
  4277 | D:6      | Found an opulent altar of Gozag.
  4336 | D:6      | Found a shadowy altar of Dithmenos.
  4350 | D:6      | Found a stormy altar of Qazlal.
  4711 | D:7      | Reached skill level 9 in Maces & Flails
  4748 | D:7      | Found a staircase to the Ecumenical Temple.
  4756 | Temple   | Entered the Ecumenical Temple
  4770 | Temple   | Became a worshipper of Lugonu the Unformed
  4770 | Temple   | Reached * piety under Lugonu
  4935 | D:7      | Reached XP level 9. HP: 58/58 MP: 9/9
  4940 | D:7      | Lost mutation: You possess an exceptional clarity of mind. [mutagenic meat]
  4941 | D:7      | Gained mutation: Your magical capacity is low. (-10% MP) [mutagenic meat]
  4942 | D:7      | Gained mutation: You expend magic power (3 MP) to strengthen your wands. [mutagenic meat]
  4943 | D:7      | Gained mutation: Your flesh is heat resistant. (rF+) [mutagenic meat]
  4944 | D:7      | Gained mutation: You tend to lose your temper in combat. [mutagenic meat]
  4945 | D:7      | Lost mutation: Your flesh is heat resistant. (rF+) [mutagenic meat]
  4998 | D:7      | Gained mutation: You have a pair of small horns on your head. [potion of mutation]
  4998 | D:7      | Gained mutation: Your magical capacity is very low. (-20% MP) [potion of mutation]
  5619 | D:8      | Reached skill level 10 in Maces & Flails
  5632 | D:8      | Found a glowing silver altar of Zin.
  5976 | D:8      | Found a sacrificial altar of Ru.
  6000 | D:8      | Reached skill level 1 in Invocations
  6070 | D:8      | Got an ichor-stained rapier
  6071 | D:8      | Identified the +5 rapier of Judgement {venom, rF+ MR+ Int-3} (You found it on level 8 of the Dungeon)
  6112 | D:8      | Reached ** piety under Lugonu
  6359 | D:9      | Reached skill level 1 in Dodging
  6377 | D:9      | Reached XP level 10. HP: 40/66 MP: 9/9
  6512 | D:9      | Found a hazy altar of Hepliaklqana.
  6525 | D:9      | Reached skill level 11 in Maces & Flails
  6621 | D:9      | Found Zeodgh's General Store.
  6788 | D:9      | You fall through a shaft!
  6788 | D:10     | Entered Level 10 of the Dungeon
  7163 | D:10     | HP: 3/66 [soldier ant (9)]
  7173 | D:10     | Reached skill level 1 in Evocations
  7179 | D:10     | Reached *** piety under Lugonu
  7441 | D:10     | Noticed a hill giant
  7451 | D:10     | Killed a hill giant
  7451 | D:10     | Reached skill level 5 in Armour
  7794 | D:10     | Noticed Fannar
  7811 | D:10     | Killed Fannar
  7811 | D:10     | Reached skill level 5 in Shields
  8193 | D:9      | Noticed Gastronok
  8208 | D:9      | Demolished by Gastronok

Skill      XL: |  1  2  3  4  5  6  7  8  9 10 |
---------------+-------------------------------+-----
Maces & Flails | 3 4 5 6 7 9 10 11 | 11.6
Fighting       | 4 5 6 7 9 |  9.5
Invocations    | 2 4 |  4.0
Dodging        | 1 2 |  2.6
Armour         | 4 5 |  5.3
Shields        | 4 5 |  5.2
Evocations     | 2 |  2.2

Action                   |  1- 3 |  4- 6 |  7- 9 | 10-12 || total
-------------------------+-------+-------+-------+-------++-------
Melee: Flail             |    68 |       |       |       ||    68
       Whip              |    56 |   148 |   475 |    94 ||   773
       Headbutt          |       |       |    22 |    37 ||    59
       Rapier            |       |       |     1 |       ||     1
       Morningstar       |       |       |       |   104 ||   104
 Abil: Evoke Berserk Rag |       |       |       |     1 ||     1
  Use: Scroll            |       |       |    18 |     3 ||    21
       Potion            |       |       |     2 |     5 ||     7
  Eat: Chunk             |       |     4 |    22 |     4 ||    30
       Fruit             |       |       |     2 |       ||     2
       Beef jerky        |       |       |     1 |     1 ||     2
Armor: Scale mail        |    75 |   119 |   198 |    50 ||   442
Dodge: Dodged            |    40 |    82 |   112 |    31 ||   265
Block: Shield            |    69 |    95 |   214 |    57 ||   435
